 Dungeon Crawl Stone Soup version 0.31-a0-240-gb923e448b6 (webtiles) character file.

Game seed: 5603768271073107446

123 qw the Shooter (level 4, -8/36 HPs)
             Began as a Minotaur Hexslinger on July 11, 2023.
             Mangled by an ogre
             ... wielding a +0 giant club
              (17 damage)
             ... on level 3 of the Dungeon.
             The game lasted 00:00:34 (1490 turns).

qw the Shooter (Minotaur Hexslinger)                Turns: 1490, Time: 00:00:35

Health: -8/36      AC:  5    Str: 13    XL:     4   Next: 79%
Magic:  4/4        EV: 11    Int: 10    God:
Gold:   56         SH:  0    Dex: 14    Spells: 4/5 levels left

rFire   . . .        Y - +1 sling (elec)
rCold   . . .        (no shield)
rNeg    . . .        d - +0 ring mail
rPois   .            (helmet restricted)
rElec   .            (no cloak)
rCorr   .            (no gloves)
SInv    .            (no boots)
Will    .....        (no amulet)
Stlth   +            (no ring)
HPRegen 0.26/turn    (no ring)
MPRegen 0.09/turn

%: no passive effects
@: no status effects
A: horns 2, retaliatory headbutt
a: no special abilities


You were on level 3 of the Dungeon.
You visited 1 branch of the dungeon, and saw 3 of its levels.

You collected 56 gold pieces.


Innate Abilities, Weirdness & Mutations

You have a pair of horns on your head.
You reflexively headbutt those who attack you in melee.


   Skills:
 + Level 2.2 Fighting
 - Level 5.0 Ranged Weapons
 - Level 1.2 Armour
 - Level 2.1 Dodging
 - Level 1.0 Spellcasting
 - Level 2.0 Hexes


You had 4 spell levels left.
You knew the following spells:

 Your Spells              Type           Power      Damage    Failure   Level
a - Slow                  Hex            16%        N/A       32%         1

Your spell library contained the following spells:

 Spells                   Type           Power      Damage    Failure   Level
 Inner Flame              Hex/Fire       2%         N/A       82%         3
 Portal Projectile        Hex/Tloc       4%         N/A       82%         3
 Cause Fear               Hex            2%         N/A       97%         4

Inventory:

Hand Weapons
 Y - a +1 sling of electrocution (weapon)
Armour
 d - a +0 ring mail (worn)
Jewellery
 e - an amulet of faith
Scrolls
 a - a scroll of identify
Potions
 b - 2 potions of curing
 c - a potion of ambrosia {unknown}
 f - 2 potions of mutation

Dungeon Overview and Level Annotations

Branches:
Dungeon (3/15)

Altars:

Shops:
D:1 :


Message History

The ball python constricts you.
You shoot a sling bullet. The sling bullet hits the ball python.
You kill the ball python!
You start resting.
HP restored.
Items here: %% )) [.
An ogre comes into view. It is wielding a +0 giant club.
Found a stone staircase leading up.
The ogre shouts!
Things that are here:
a +0 hand axe; a +0 chain mail; a +0 dagger You shoot a sling bullet.
The sling bullet hits the ogre.
The ogre is lightly wounded.
A hobgoblin comes into view.
You shoot a sling bullet. The hobgoblin shouts!
The sling bullet hits the ogre.
The ogre is lightly wounded.
You shoot a sling bullet.
The sling bullet closely misses the hobgoblin.
You shoot a sling bullet. The sling bullet hits the ogre.
The ogre is moderately wounded.
A goblin comes into view. It is wielding a +0 dagger.
You shoot a sling bullet. The goblin shouts!
The sling bullet hits the ogre!
The ogre is heavily wounded.
The ogre closely misses you.
You shoot a sling bullet.
The sling bullet hits the ogre but does no damage.
The ogre is heavily wounded.
A bat comes into view.
The ogre hits you with a +0 giant club!!
Ouch! That really hurt!
You shoot a sling bullet.
The sling bullet barely misses the ogre.
The sling bullet hits the hobgoblin.
The hobgoblin is almost dead.
The ogre hits you with a +0 giant club!
You die...

. .# .# ###########
.# ..........#######
.#
.....####.......##b.#
#..............)@Og#
#....##########).###
......# #).# #.....#
#..# #.....# #..#
#.#...# #..# #.#...#
#..# ..#...# #..#
........ <..#


You could see an ogre, a hobgoblin and a bat.

Vanquished Creatures
  An orc priest (D:3)
  5 adders
  4 orcs (D:3)
  5 bats
  2 giant cockroaches (D:1)
  3 goblins
  3 hobgoblins
  2 jackals (D:2)
  4 kobolds
  5 quokkas
  3 ball pythons
  3 frilled lizards
  3 rats
43 creatures vanquished.

Notes
Turn   | Place    | Note
-------+----------+-------------------------------------------
     0 | D:1      | qw the Minotaur Hexslinger began the quest for the Orb.
     0 | D:1      | Reached XP level 1. HP: 16/16 MP: 1/1
     0 | D:1      | 0 ||| qw: Version: 0.3-a-52-g30416fa
     0 | D:1      | 0 ||| qw: Game counter: 6097
     0 | D:1      | 0 ||| qw: Melee chars always use a shield: true
     0 | D:1      | 0 ||| qw: God list: Okawaru
     0 | D:1      | 0 ||| qw: Allow faded altars: false
     0 | D:1      | 0 ||| qw: Do Orc after clearing Dungeon:15 true
     0 | D:1      | 0 ||| qw: Do second Lair branch before Depths: true
     0 | D:1      | 0 ||| qw: Lair rune preference: random
     0 | D:1      | 0 ||| qw: Goals: Normal
     0 | D:1      | 0 ||| PLANNING D:1-11
   260 | D:1      | Reached skill level 3 in Ranged Weapons
   260 | D:1      | Reached XP level 2. HP: 23/23 MP: 2/2
   424 | D:1      | Found Niughahe's Book Emporium.
   432 | D:1      | 432 ||| UPGRADING to +0 ring mail.
   442 | D:1      | 442 ||| DROPPING +0 robe.
   725 | D:1      | 725 ||| READING scroll labelled VEARRO MUOSAB.
   744 | D:1      | 744 ||| READING scroll labelled CUMOESMYEL.
   747 | D:1      | 747 ||| DROPPING scroll of poison.
   802 | D:2      | Reached XP level 3. HP: 29/29 MP: 3/3
  1005 | D:2      | Reached skill level 4 in Ranged Weapons
  1092 | D:2      | Found a faded altar of an unknown god.
  1153 | D:2      | 1153 ||| READING 3 scrolls labelled MUONOU FIDU.
  1254 | D:2      | 1254 ||| READING scroll labelled CUVYNNAKIA.
  1255 | D:2      | 1255 ||| READING scroll labelled WAVYZXUCUW.
  1256 | D:2      | 1256 ||| DRINKING 3 cyan potions.
  1257 | D:2      | 1257 ||| READING 2 scrolls of identify.
  1257 | D:2      | 1257 ||| IDENTIFYING fuming clear potion
  1258 | D:2      | 1258 ||| DROPPING 2 scrolls of silence.
  1275 | D:3      | Reached skill level 1 in Armour
  1334 | D:3      | Reached XP level 4. HP: 25/36 MP: 4/4
  1439 | D:3      | Reached skill level 5 in Ranged Weapons
  1482 | D:3      | Noticed an ogre
  1489 | D:3      | HP: 8/36 [ogre/+0 giant club (28)]
  1490 | D:3      | Mangled by an ogre

Levels and vault maps discovered:
D:1:      lightli_molten_gateway, layout_loops_ring, serial_shops,
          nicolae_shop_getting_attention
D:2:      layout_rooms, chequers_ecumenical_altar_simple
D:3:      minmay_diamond_boxcup, layout_loops_ring,
          nicolae_overflow_hidden_temple, serial_shops,
          nicolae_shop_hallway_plus, nrook_uturn

Skill      XL: |  1  2  3  4 |
---------------+-------------+-----
Ranged Weapons | 3 4 5 |  5.0
Fighting       | 2 |  2.2
Armour         | 1 |  1.2
Dodging        | |  2.1
Spellcasting   | |  1.0
Hexes          | |  2.0

Action                     |  1- 3 |  4- 6 || total
---------------------------+-------+-------++-------
   Fire: Sling             |   105 |    31 ||   136
    Use: Scroll            |     6 |       ||     6
         Potion            |     1 |       ||     1
 Armour: Robe              |     6 |       ||     6
         Ring mail         |    11 |     3 ||    14
  Dodge: Dodged            |    33 |    15 ||    48

Table legend:
 A = Non-vault XP
 B = Vault XP
 C = Vault XP percentage of total XP
 D = Non-vault monster count
 E = Vault monster count
 F = Vault count percentage of total count
                 A         B        C        D         E       F
            +---------+---------+-------+---------+---------+-------
      Total |     176 |       0 |   0.0 |      43 |       0 |   0.0
            +---------+---------+-------+---------+---------+-------
        D:1 |      28 |       0 |   0.0 |      17 |       0 |   0.0
        D:2 |      47 |       0 |   0.0 |      14 |       0 |   0.0
        D:3 |     101 |       0 |   0.0 |      12 |       0 |   0.0
            +---------+---------+-------+---------+---------+-------
